 Dungeon Crawl Stone Soup version 0.14-a0-1773-ge500af7 (webtiles) character file.

254 Econoterrorist the Sneak (level 4, 0/21 HPs)
             Began as a Spriggan Enchanter on Jan 6, 2014.
             Slain by an orc wizard
             ... wielding a -1,+0 orcish dagger
              (1 damage)
             ... on Level 3 of the Dungeon.
             The game lasted 00:09:44 (1947 turns).

Econoterrorist the Sneak (Spriggan Enchanter)       Turns: 1947, Time: 00:09:45

HP   0/21        AC  3     Str  5      XL: 4   Next: 35%
MP   1/15        EV 18     Int 16      God:
Gold 162         SH  0     Dex 16      Spells:  2 memorised,  8 levels left

rFire  . . .     SeeInvis +     g - +2,+3 dwarf dagger
rCold  . . .     Clarity  .     b - +1 robe
rNeg   . . .     Conserve .     (shield restricted)
rPois  .         rCorr    .     (helmet restricted)
rElec  .         rRot     .     (no cloak)
SustAb . .       Spirit   .     (gloves unavailable)
rMut   .         Warding  .     (boots unavailable)
Saprov . . .     Stasis   .     (no amulet)
                                (no ring)
                                w - ring of wizardry

@: slowed, quick, slightly resistant to hostile enchantments, quite stealthy
A: unfitting armour, see invisible, herbivore 3, speed 3, slow metabolism 2
a: no special abilities


You were on level 3 of the Dungeon.
You were not hungry.

You visited 1 branch of the dungeon, and saw 3 of its levels.

You collected 162 gold pieces.

Inventory:

Hand weapons
 g - a +2,+3 dwarven dagger (weapon)
Missiles
 d - 12 darts (quivered)
Armour
 b - a +1 robe (worn)
Magical devices
 x - a wand of slowing (10)
Comestibles
 p - a banana
 u - an apple
Scrolls
 a - a scroll of random uselessness {unknown}
 h - 3 scrolls of remove curse {unknown}
 j - 2 scrolls of curse jewellery {unknown}
 k - 3 scrolls of blinking {unknown}
 l - a scroll of fog {unknown}
 m - a scroll of noise {unknown}
 n - 2 scrolls of recharging {unknown}
 o - 3 scrolls of fear {unknown}
 q - a scroll of teleportation {unknown}
 s - 3 scrolls of identify {unknown}
 t - a scroll of enchant weapon II {unknown}
 v - 3 scrolls of curse armour {unknown}
Jewellery
 w - a ring of wizardry (left hand)
Potions
 e - a potion of porridge
 i - a potion of resistance {unknown}
 r - a potion of might {unknown}
Books
 c - a book of Maledictions

   Spells                             Type                      Level
   *Corona                            Hexes                        1
   Sure Blade                         Hexes/Charms                 2
   *Ensorcelled Hibernation           Hexes/Ice                    2
   Confuse                            Hexes                        3
   Enslavement                        Hexes                        4
   Invisibility                       Hexes                        6


   Skills:
 - Level 1.1 Short Blades
 - Level 1.1 Throwing
 - Level 3.0 Dodging
 - Level 6.0 Stealth
 + Level 4.1 Spellcasting
 - Level 3.6 Hexes


You had 8 spell levels left.
You knew the following spells:

 Your Spells              Type           Power        Failure   Level  Hunger
a - Corona                Hex            ##.....      1%          1    None
b - Ensorcelled Hibernat  Hex/Ice        #.....       5%          2    ##.....


Dungeon Overview and Level Annotations

Branches:
Dungeon (3/16)

Altars:
Cheibriados


Innate Abilities, Weirdness & Mutations

You are tiny and cannot use many weapons and most armour.
You have supernaturally acute eyesight.
You are a herbivore.
You cover ground extremely quickly.
You need consume almost no food.


Message History

Aim: an orc wizard, wielding an orcish dagger and wearing an orcish robe The orc wizard resists.
The orc wizard casts a spell.
The orc wizard seems to speed up.
The orc wizard hits you with an orcish dagger.
* * * LOW HITPOINT WARNING * * *
Casting: Ensorcelled Hibernation
Confirm with . or Enter, or press ? or * to list all spells.
Aiming: Ensorcelled Hibernation
Press: ? - help, Shift-Dir - straight line, f/p - orc wizard
Aim: an orc wizard, wielding an orcish dagger and wearing an orcish robe (moving very quickly)
The orc wizard resists.
The orc wizard hits you with an orcish dagger.
* * * LOW HITPOINT WARNING * * *
The orc wizard misses you.
Drink which item? (? for menu, Esc to quit)
You feel refreshed.
It was a potion of restore abilities.
The orc wizard completely misses you.
The orc wizard hits you with an orcish dagger.
You die...

#.# #.# #.# #.# #.#
############## #.#
####............#
#..
..................
.........)........g
#.....@o....# .##
#.....#)...###...
###.#####...#..#
#..###.......##
##..o.o.......#
##%###........#
####...###.?.#.#.#
#...........## #
#.##...###..#


You could see an orc wizard.

Vanquished Creatures
  An orc priest (D:3)
  An adder (D:3)
  A worm (D:3)
  3 orcs (D:3)
  A ball python (D:2)
  2 bats (D:1)
  2 giant cockroaches
  11 goblins
  2 hobgoblins
  5 kobolds
  A quokka (D:2)
  2 giant newts (D:1)
  9 rats
41 creatures vanquished.

Notes
Turn   | Place    | Note
--------------------------------------------------------------
     0 | D:1      | Econoterrorist, the Spriggan Enchanter, began the quest for the Orb.
     0 | D:1      | Reached XP level 1. HP: 9/9 MP: 4/4
   222 | D:1      | Reached skill level 4 in Stealth
   238 | D:1      | Reached XP level 2. HP: 8/13 MP: 7/7
   242 | D:1      | Learned a level 2 spell: Ensorcelled Hibernation
   739 | D:1      | Reached skill level 5 in Stealth
  1271 | D:2      | Reached XP level 3. HP: 16/16 MP: 6/9
  1834 | D:3      | Found a snail-covered altar of Cheibriados.
  1840 | D:3      | Reached skill level 6 in Stealth
  1940 | D:3      | Reached XP level 4. HP: 17/21 MP: 7/15
  1946 | D:3      | HP: 1/21 [orc wizard/orcish dagger (2)]
  1947 | D:3      | Slain by an orc wizard

Action                   |  1- 3 |  4- 6 || total
-------------------------+-------+-------++-------
Melee: Dagger            |   102 |     2 ||   104
 Cast: Ensorcelled Hiber |    13 |     4 ||    17
  Use: Potion            |       |     1 ||     1
 Stab: Sleeping          |    14 |     2 ||    16
